 Dungeon Crawl Stone Soup version bcrawl-1.27.5 (webtiles) character file.

Game seed: 13082429520972562689

115129 Banto the Skirmisher (level 3, 0/36 HPs)
             Began as a Demigod Wanderer on Aug 21, 2020.
             Slain by a goblin (2 damage)
             ... on level 2 of the Dungeon.
             The game lasted 00:02:01 (1524 turns).

Banto the Skirmisher (Demigod Wanderer)             Turns: 1524, Time: 00:02:02

Health: 0/36       AC:  3    Str: 15    XL:     3   Next: 60%
Magic:  6/6        EV: 12    Int: 15    God:    Demigod [*.....]
Gold:   76         SH:  0    Dex: 20    Spells: 2/2 levels left

rFire    . . .     SeeInvis .   j - +0 mace
rCold    . . .     Gourm    .   (no shield)
rNeg     . . .     Faith    .   l - +0 leather armour
rPois    .         Spirit   .   (no helmet)
rElec    .         Reflect  .   (no cloak)
rCorr    .         Harm     .   (no gloves)
MR       .....                  (no boots)
Stlth    ++........             (no amulet)
HPRegen  0.12/turn              (no ring)
MPRegen  0.10/turn              (no ring)

@: no status effects
A: high mp 1
a: Temporal Distortion


You were on level 2 of the Dungeon.
You worshipped Demigod.
Demigod was aware of your devotion.
You were near starving.

You visited 1 branch of the dungeon, and saw 2 of its levels.

You collected 76 gold pieces.

Inventory:

Hand Weapons
 a - a +0 dagger
 j - a +0 mace (weapon)
Armour
 l - a +0 leather armour (worn)
Jewellery
 o - an uncursed ring of positive energy {unknown}
Scrolls
 g - a scroll of magic mapping {unknown}
 h - a scroll of fog {unknown}
 m - a scroll of immolation {unknown}
 n - a scroll of teleportation {unknown}
 p - a scroll of identify
Potions
 b - 2 potions of lignification
 c - 2 potions of flight
 d - a potion of berserk rage
 f - a potion of invisibility
 i - 2 potions of heal wounds {unknown}
 k - a potion of haste {unknown}
 q - a potion of might {unknown}
Comestibles
 e - 2 rations {!d}


   Skills:
 - Level 5.0 Fighting
 - Level 0.5 Short Blades
 + Level 0.6 Armour
 + Level 1.6 Dodging
   Level 1.0 Shields
 - Level 1.7 Unarmed Combat
 + Level 1.7 Invocations
   Level 1.0 Evocations


You had 2 spell levels left.
You didn't know any spells.
Your spell library was empty.

Dungeon Overview and Level Annotations

Branches:
Dungeon (2/12)

Annotations:
D:2 1 runed door


Innate Abilities, Weirdness & Mutations

You have an increased reservoir of magic. (+10% MP)


Message History

* * * LOW HITPOINT WARNING * * *
The leopard gecko barely misses you.
You completely miss the leopard gecko.
The leopard gecko is severely wounded.
The leopard gecko bites you.
* * * LOW HITPOINT WARNING * * *
You thump the leopard gecko!
You kill the leopard gecko!
Your kill strengthens your divinity.
The goblin hits you.
* * * LOW HITPOINT WARNING * * *
You hit the goblin.
The goblin is moderately wounded.
The goblin hits you.
* * * LOW HITPOINT WARNING * * *
You closely miss the goblin.
The goblin is moderately wounded.
The goblin hits you.
You die...
Your divinity fades.

...#.#..............# ##........
####..........###.#######........
........[...##....# #............
####......#>##.######............
#....###....# ##......<....>..
####..........####...............
..##................#............
..##...........##................
..##....#......g@.####.###.##.#.#
..##....#.####.#..####.###.##.#.#
########.....#.................
###......#......>†##.###.##!#. .
....######...##.............
#.................##.#.##.#.#
..########...##...##........#
###............#.....#.#..(.!
##.######...#....##.#...(..#


You could see a goblin.

Vanquished Creatures
  An ooze (D:1)
  A worm (D:1)
  2 dart slugs (D:2)
  5 leopard geckos
  2 giant cockroaches
  2 goblins (D:2)
  4 hobgoblins
  A quokka (D:2)
  A ball python (D:2)
  3 bats
  2 frilled lizards
  5 kobolds
  7 rats
36 creatures vanquished.

Notes
Turn   | Place    | Note
-------+----------+-------------------------------------------
     0 | D:1      | Banto the Demigod Wanderer began the quest for the Orb.
     0 | D:1      | Banto set off with the following items: a +0 dagger, a
                  | potion of lignification, a potion of flight, a potion of
                  | berserk rage, a ration {!d}, a potion of invisibility, a +0
                  | robe
     0 | D:1      | Reached XP level 1. HP: 22/22 MP: 3/3
   223 | D:1      | Reached XP level 2. HP: 24/28 MP: 5/5
   355 | D:1      | Reached skill level 5 in Fighting
   941 | D:2      | Reached skill level 1 in Invocations
   953 | D:2      | Reached XP level 3. HP: 28/36 MP: 6/6
  1075 | D:2      | Reached * piety under Demigod
  1104 | D:2      | Found a runed door.
  1233 | D:2      | Found a blossoming altar of Fedhas.
  1524 | D:2      | Slain by a goblin

Skill      XL: |  1  2 |
---------------+-------+-----
Fighting       | 5 |  5.0
Invocations    | 1 |  1.7
Short Blades   | |  0.5
Armour         | |  0.6
Dodging        | |  1.6
Shields        | |  1.0
Unarmed Combat | |  1.7
Evocations     | |  1.0

Action                   || total
-------------------------++-------
Melee: Dagger            ||    80
       Punch             ||     1
       Mace              ||    71
  Use: Scroll            ||     1
  Eat: Chunk             ||     4
Armor: Robe              ||    10
       Leather armour    ||    32
Dodge: Dodged            ||    95
